Merle, chaotic male elven Priest -------- ------ |<|>...---....| |.|-..s.......| |.||u@``|.....| |.||....|.....| |.|------.----| |.| |......| |.------......| |.............| |..-----......| ---- -------- Merle the Adept Experience level: 7 Strength: 16 Dexterity: 12 Constitution: 10 Intelligence: 7 Wisdom: 18 Charisma: 8 Health: 0(51) Energy: 92(92) Def: 6 Gold: 22 Moves: 4266 Dungeon seed: 9wKCYGyjiSEfDh_j Game ID: Merle_1615658438 Your Inventory: Coins $ - 22 gold pieces Weapons a - a blessed +1 mace (weapon in hand) o - 9 +0 arrows R - a +0 bow (alternate weapon; not wielded) U - 15 +0 darts Armor e - a +0 robe (being worn) n - a +0 small shield (being worn) z - a +0 orcish helm (being worn) H - a blessed +0 pair of iron shoes (being worn) Comestibles c - 2 cloves of garlic d - a sprig of wolfsbane v - 5 food rations G - 2 slime molds K - a fortune cookie M - a candy bar Scrolls F - 2 scrolls of teleportation J - 2 scrolls of earth Q - a scroll of enchant weapon Potions b - 3 potions of holy water p - 2 potions of water s - 2 potions of fruit juice t - a potion of healing E - 2 potions of extra healing Rings x - a ring of see invisible (on left hand) C - a ring of see invisible Z - a ring of stealth (on right hand) Wands A - a wand of cancellation (0:6) I - a wand of slow monster (0:7) V - a wand of enlightenment (0:13) Tools D - a lock pick L - a +0 unicorn horn X - a +0 pick-axe Spells and supernatural/magical abilities: Name Level Category Fail Memory h - healing 1 healing 0% 57% n - detect monsters 1 divination 0% 62% K - cure sickness 3 healing 73% 95% M - magic mapping 5 divination 100% 73% W - pray for help -- divine ? -- X - turn undead -- divine ? -- Your skills at the end: Fighting Skills Weapon Skills mace [Basic] Spellcasting Skills clerical spells [Basic] Final Attributes: You were piously aligned. You were sleep resistant. You were poison resistant. You saw invisible. You had infravision. You were stealthy. You are dead. Vanquished creatures: a large mimic a quivering blob a dog a white unicorn an orc shaman a rock mole a pony 6 gnome lords a red naga hatchling a guardian naga hatchling 2 elf zombies a ghoul 5 giant ants a kitten 8 dwarves a kobold shaman a monkey a dwarf zombie a wererat a werejackal 2 iguanas 2 acid blobs 3 coyotes 2 hobbits 4 manes 3 large kobolds a hobgoblin 4 giant rats 3 cave spiders 3 brown molds 20 gnomes 9 garter snakes a gnome zombie 3 geckos 2 jackals a kobold 3 goblins a sewer rat 4 grid bugs 4 bats 4 lichens a kobold zombie 11 newts 128 creatures vanquished. Voluntary challenges: You had been an atheist until turn 3680. You used a wielded weapon 179 times, starting on turn 116. You read items or engraved 46 times, starting on turn 246. You never genocided any monsters. You never polymorphed an object. You never changed form. You used no wishes. You never split a pudding. You never wrote Elbereth's name. You violated your moral code, losing 2 points of alignment, starting on turn 1943. Dungeon overview: The Dungeons of Doom: levels 1 to 6 Level 1 some fountains a long staircase Level 2 a general store, a fountain Level 3 some fountains stairs to The Gnomish Mines Level 4 some fountains Level 5 many fountains Level 6 stairs to Sokoban The Gnomish Mines: levels 4 to 6 Level 4 stairs to The Dungeons of Doom Level 5 Level 6 Sokoban: Level 5 <- You were here stairs to The Dungeons of Doom History has recorded: On T:1 you entered the Dungeons of Doom to retrieve the Amulet of Yendor! On T:325 you advanced to experience level 2. On T:561 you reached level 2 of The Dungeons of Doom. On T:655 you advanced to experience level 3. On T:743 you advanced to experience level 4. On T:1316 you reached level 3 of The Dungeons of Doom. On T:1780 you reached level 1 of The Gnomish Mines. On T:1850 you advanced to experience level 5. On T:2146 you reached level 2 of The Gnomish Mines. On T:2265 you advanced to experience level 6. On T:2573 you reached level 3 of The Gnomish Mines. On T:2819 you reached level 4 of The Dungeons of Doom. On T:3165 you reached level 5 of The Dungeons of Doom. On T:3559 you reached level 6 of The Dungeons of Doom. On T:3711 you reached level 4 of Sokoban. On T:3866 you advanced to experience level 7. Score breakdown: Gold: 22 ( 4632 points) Experience: 7 levels (13645 points) Exploration: 6 levels ( 12.50%) ( 9784 points) Discoveries: 6 items ( 2.10%) ( 4345 points) Valuables value: (no points given unless you survive) Artifact value: 0 ( 0 points) Variety of kills: 43 monsters ( 11.29%) (10078 points) Turncount: 4266 turns (-1120 points) Survival: died (score multiplied by 80%) Total score: 33091 Latest messages: You miss the cave spider. The cave spider bites! (2x) You miss the cave spider. The cave spider misses. You kill the cave spider! You see here a candy bar. (2x) You have a little trouble lifting M - a candy bar. The gray unicorn butts! The gray unicorn kicks! The gray unicorn butts! The gray unicorn kicks! You miss the gray unicorn. The gray unicorn butts! The gray unicorn kicks! The cave spider bites! The gray unicorn butts! The gray unicorn misses. The gray unicorn butts! The gray unicorn kicks! The cave spider bites! The gray unicorn butts! You die... Final status: Goodbye Merle the Priest, killed by a gray unicorn... You died in Sokoban on dungeon level 5 with 33091 points, and 22 pieces of gold, after 4266 moves. You were level 7 with a maximum of 51 hit points when you died.